 Dungeon Crawl Stone Soup version 0.21-a0-260-g9b2435e (webtiles) character file.

1805 Blomdor the Cleaver (level 9, -15/69 HPs)
             Began as a Barachi Wizard on Sept 7, 2017.
             Was a Believer of Okawaru.
             Demolished by Modestlyawesome's ghost (27 damage)
             ... on level 6 of the Dungeon.
             The game lasted 00:18:00 (7165 turns).

Blomdor the Cleaver (Barachi Wizard)                Turns: 7165, Time: 00:18:01

Health: -15/69     AC: 13    Str: 12    XL:     9   Next: 9%
Magic:  11/13      EV: 15    Int: 19    God:    Okawaru [**....]
Gold:   237        SH:  0    Dex: 10    Spells: 7/14 levels left

rFire    . . .     SeeInvis .   e - +2 flail (protect)
rCold    . . .     Gourm    .   (no shield)
rNeg     . . .     Faith    .   a - +0 robe
rPois    .         Spirit   .   b - +0 hat
rElec    .         Reflect  .   q - +0 cloak
rCorr    .         Harm     .   f - +1 pair of gloves
MR       .....                  (no boots)
Stlth    +++.......             (no amulet)
HPRegen  0.21/turn              y - ring of wizardry
MPRegen  0.13/turn              (no ring)

@: heroism, protection aura, can't hop, berserk cooldown, slowed, very slow
A: +LOS, swims, slowness 1, strong legs 1
a: Hop, Heroism, Renounce Religion


You were on level 6 of the Dungeon.
You worshipped Okawaru.
Okawaru was pleased with you.
You were not hungry.

You visited 2 branches of the dungeon, and saw 7 of its levels.
You also visited: Ossuary.

You collected 237 gold pieces.

Inventory:

Hand Weapons
 e - a +2 flail of protection (weapon)
 g - a +1 hand axe of chopping
 j - a +0 hunting sling
 B - a +1 vampiric hand axe
 C - a +1 short sword of venom
 J - a +1 morningstar of protection
Missiles
 h - 2 curare-tipped needles
 n - 86 stones (quivered)
 o - 16 sling bullets
Armour
 a - a +0 robe (worn)
 b - a +0 hat (worn)
 f - a +1 pair of gloves (worn)
 l - a +0 shield
 p - a +0 scale mail
 q - a +0 cloak (worn)
 G - a +0 chain mail
Jewellery
 u - an uncursed amulet of harm
 y - a ring of wizardry (left hand)
Wands
 r - a wand of confusion (5/48)
 w - a wand of flame (23/48)
Scrolls
 k - 2 scrolls of teleportation
 t - a scroll of recharging
Potions
 i - 5 potions of resistance
 m - 2 potions of magic
 s - a potion of brilliance
 v - a potion of heal wounds
 x - 3 potions of haste
 z - a potion of curing
 A - a potion of berserk rage
 F - 2 potions of agility
Books
 c - a book of Minor Magic

   Spells                             Type                      Level
   a - Magic Dart                     Conjuration                  1
   b - Blink                          Translocation                2
   c - Call Imp                       Summoning                    2
   d - Slow                           Hexes                        2
   e - Conjure Flame                  Conjuration/Fire             3
   f - Mephitic Cloud                 Conjuration/Poison/Air       3
Comestibles
 d - 4 bread rations
 D - 2 meat rations
 H - a chunk of flesh
 I - a royal jelly


   Skills:
 + Level 6.1(11.1) Fighting
 * Level 8.5(13.5) Axes
 + Level 5.1(10.1) Armour
 - Level 2.1(7.1) Dodging
 - Level 1.7(6.7) Stealth
 - Level 2.4(7.4) Shields
 - Level 3.2 Spellcasting
 - Level 1.1 Conjurations
   Level 1.2 Summonings
   Level 1.1 Translocations
 + Level 3.2 Invocations


You had 7 spell levels left.
You knew the following spells:

 Your Spells              Type           Power        Failure   Level  Hunger
a - Magic Dart            Conj           #...         4%          1    None
b - Mephitic Cloud        Conj/Pois/Air  #.......     16%         3    ###....
c - Conjure Flame         Conj/Fire      #.......     14%         3    ###....


Dungeon Overview and Level Annotations

Branches:
Dungeon (6/15)             Temple (1/1) D:4

Altars:
Ashenzari
Dithmenos
Elyvilon
Fedhas
Hepliaklqana
Makhleb
Okawaru
Qazlal
Ru
Sif Muna
Uskayaw
Vehumet
Wu Jian
Xom
The Shining One

Annotations:
D:6 Modestlyawesome's ghost, novice TrBe


Innate Abilities, Weirdness & Mutations

Shadows flee at your approach. (+LOS)
You can swim through water.
You cover ground slowly.
You can hop short distances.


Message History

Evoke which item? (* to show all) (? for menu, Esc to quit)
Okay, then.
Hop to where?
Press: ? - help, Dir - move target cursor Boing!
Evoke which item? (* to show all) (? for menu, Esc to quit)
Aiming: Confuse (will waste charges)
Press: ? - help, Shift-Dir - straight line, f - Modestlyawesome's ghost
Aim: Modestlyawesome's ghost (almost destroyed, chance to defeat MR: 19%) Modestlyawesome's ghost resists with almost no effort.
Evoking this partially-identified wand wasted a few charges.
Evoke which item? (* to show all) (? for menu, Esc to quit)
Okay, then.
Okay, then.
You gain the combat prowess of a mighty hero.
You hit Modestlyawesome's ghost.
Your weapon exudes an aura of protection.
Modestlyawesome's ghost is almost destroyed.
Modestlyawesome's ghost hits you!!
You die...

#. #. .. #. . #. .## #.
..# #. #.##.###.##
#........@# #..#.###.W#
### #.###.....#
##...###..#.####.####.###
........<...# #....%....
...........># #.#
#.##..##.#######.# #...
#.........# ###
#.#######(#


You could see Modestlyawesome's ghost.

Vanquished Creatures
  Sigmund (D:2)
  Edmund (D:3)
  A hornet zombie (D:5)
  An orc warrior (D:5)
  A phantom (D:5)
  3 ogres
  A necrophage (D:6)
  The ghost of Blomdor the Magician, an amateur BaWz (D:3)
  A centaur (D:5)
  A bullfrog (D:4)
  2 water moccasin zombies (Ossuary)
  A crimson imp (D:5)
  An orc priest (D:4)
  2 orc wizards
  3 hounds
  Terence (D:2)
  2 iguanas
  2 worker ants
  2 big kobold zombies (Ossuary)
  A hound skeleton (D:5)
  3 mummies
  5 adders
  An ooze (D:1)
  5 adder zombies (Ossuary)
  3 worms
  A dart slug (D:2)
  3 leopard geckos
  8 orcs
  A giant cockroach (D:1)
  3 goblins
  4 hobgoblins
  10 jackals
  9 kobolds
  4 quokkas
  3 ball pythons
  7 bats
  3 frilled lizards
  2 gnoll zombies (Ossuary)
  5 hobgoblin zombies (Ossuary)
  4 kobold zombies (Ossuary)
  3 orc zombies (Ossuary)
  6 rats
122 creatures vanquished.

Vanquished Creatures (others)
  An orc (D:5)
1 creature vanquished.

Grand Total: 123 creatures vanquished

Notes
Turn   | Place    | Note
-------+----------+-------------------------------------------
     0 | D:1      | Blomdor the Barachi Wizard began the quest for the Orb.
     0 | D:1      | Reached XP level 1. HP: 13/13 MP: 4/4
     6 | D:1      | Noticed an anaconda
     6 | D:1      | Noticed a black bear
     6 | D:1      | Noticed a swamp worm
     6 | D:1      | Noticed a worker ant
    21 | D:1      | Reached skill level 1 in Fighting
   261 | D:1      | Reached XP level 2. HP: 10/22 MP: 3/6
   823 | D:1      | Reached XP level 3. HP: 29/29 MP: 7/7
  1228 | D:2      | Noticed Sigmund
  1555 | D:2      | Learned a level 3 spell: Mephitic Cloud
  1594 | D:2      | Reached skill level 1 in Axes
  2428 | D:2      | Killed Sigmund
  2428 | D:2      | Reached skill level 4 in Axes
  2428 | D:2      | Reached XP level 4. HP: 35/35 MP: 4/8
  2428 | D:2      | Reached XP level 5. HP: 41/41 MP: 4/9
  2682 | D:2      | Noticed Terence
  2697 | D:2      | Killed Terence
  2697 | D:2      | Reached skill level 5 in Axes
  2697 | D:2      | Reached XP level 6. HP: 43/47 MP: 4/10
  2827 | D:3      | Noticed Blomdor's ghost (amateur BaWz)
  2844 | D:2      | Learned a level 3 spell: Conjure Flame
  2884 | D:3      | Found a faded altar of an unknown god.
  3016 | D:3      | Killed Blomdor's ghost
  3016 | D:3      | Reached skill level 1 in Armour
  3016 | D:3      | Reached skill level 1 in Shields
  3626 | D:4      | Found a staircase to the Ecumenical Temple.
  3637 | Temple   | Entered the Ecumenical Temple
  3722 | Temple   | Became a worshipper of Warmaster Okawaru
  3764 | D:4      | Noticed Edmund
  4418 | D:3      | Killed Edmund
  4418 | D:3      | Reached skill level 6 in Axes
  4418 | D:3      | Reached XP level 7. HP: 53/53 MP: 9/11
  4599 | D:4      | Reached * piety under Okawaru
  4840 | D:4      | Reached skill level 1 in Invocations
  5036 | D:5      | Entered Level 5 of the Dungeon
  5109 | D:5      | Reached XP level 8. HP: 49/61 MP: 12/12
  5139 | D:5      | Found a shadowy altar of Dithmenos.
  5147 | D:5      | Reached skill level 5 in Fighting
  5147 | D:5      | Reached skill level 7 in Axes
  5270 | D:5      | Found a sand-covered staircase.
  5347 | Ossuary  | Entered an ossuary
  6044 | D:5      | Reached ** piety under Okawaru
  6244 | D:5      | Found a deep blue altar of Sif Muna.
  6404 | D:5      | Found a burning altar of Makhleb.
  6409 | D:5      | Reached skill level 8 in Axes
  7112 | D:6      | Reached XP level 9. HP: 40/69 MP: 13/13
  7117 | D:6      | Reached skill level 5 in Armour
  7137 | D:6      | Noticed Modestlyawesome's ghost (novice TrBe)
  7165 | D:6      | Demolished by Modestlyawesome's ghost

Vault maps used:
D:1:      onia_arrival_zoo_common
D:2:      uniq_sigmund, uniq_terence
D:3:      first_bread, chequers_ecumenical_altar_simple_redux
D:4:      temple_statues, uniq_edmund
D:5:      marbit_many_paths, overflow_temple_1_default,
          makhleb_blood_cavern_becter, gup_ossuary_entry_pyramid, minivault_19,
          minmay_misc_feat_more_columns
D:6:      kennysheep_little_box, uniq_duvessa, uniq_prince_ribbit1
Temple:   nicolae_temple_elliptical
Ossuary:  ossuary_tomb_2

Skill      XL: |  1  2  3  4  5  6  7  8  9 |
---------------+----------------------------+-----
Fighting       | 1 3 4 5 6 |  6.1
Axes           | 4 5 6 8 |  8.5
Armour         | 2 3 4 5 |  5.1
Shields        | 2 |  2.4
Invocations    | 1 3 |  3.2
Dodging        | |  2.1
Stealth        | |  1.7
Spellcasting   | |  3.2
Conjurations   | |  1.1
Summonings     | |  1.2
Translocations | |  1.1

Action                   |  1- 3 |  4- 6 |  7- 9 || total
-------------------------+-------+-------+-------++-------
Melee: Dagger            |    64 |       |       ||    64
       Unarmed           |     5 |       |       ||     5
       Hand axe          |       |    21 |    15 ||    36
       Flail             |       |       |   227 ||   227
       Punch             |       |       |     2 ||     2
 Fire: Hunting sling     |   131 |   123 |   160 ||   414
 Cast: Magic Dart        |    18 |     3 |       ||    21
       Mephitic Cloud    |     3 |     5 |     6 ||    14
       Conjure Flame     |       |     2 |       ||     2
Invok: Heroism           |       |       |     5 ||     5
 Abil: Hop               |     2 |     6 |     4 ||    12
Evoke: Wand              |       |       |     7 ||     7
  Use: Potion            |     5 |     1 |     5 ||    11
       Scroll            |     1 |     2 |     4 ||     7
  Eat: Chunk             |     1 |     6 |    10 ||    17
       Bread ration      |     1 |       |       ||     1
       Fruit             |       |     2 |     1 ||     3
Armor: Robe              |    48 |    18 |   110 ||   176
       Scale mail        |       |       |     5 ||     5
Dodge: Dodged            |   119 |    33 |   163 ||   315

Table legend:
 A = Spawn XP
 B = Non-spawn XP
 C = Spawn XP percentage of total XP
 D = Spawn monster count
 E = Non-spawn monster count
 F = Spawn count percentage of total count
 G = Total turns spent on level
                    A         B        C        D         E        F      G
               +---------+---------+-------+---------+---------+-------+---------
         Total |       0 |    2579 |   0.0 |       0 |     123 |   0.0 |  7165
               +---------+---------+-------+---------+---------+-------+---------
           D:1 |       0 |      40 |   0.0 |       0 |      21 |   0.0 |  1041
           D:2 |       0 |     297 |   0.0 |       0 |      18 |   0.0 |  1810
           D:3 |       0 |     372 |   0.0 |       0 |      17 |   0.0 |  1457
           D:4 |       0 |     499 |   0.0 |       0 |      13 |   0.0 |   810
           D:5 |       0 |     842 |   0.0 |       0 |      25 |   0.0 |  1264
           D:6 |       0 |     235 |   0.0 |       0 |       4 |   0.0 |    71
       Ossuary |       0 |     294 |   0.0 |       0 |      25 |   0.0 |   592
               +---------+---------+-------+---------+---------+-------+---------
